 Dungeon Crawl Stone Soup version 0.31-a0-75-g6fe912e8c5 (webtiles) character file.

Game seed: 17243421886320052382

140 Lugonue the Magician (level 5, 0/28 HPs)
             Began as a Deep Elf Hedge Wizard on May 23, 2023.
             Was a Follower of Okawaru.
             Slain by Ijyb
             ... wielding a +4 dagger of venom
              (6 damage)
             ... on level 3 of the Dungeon.
             The game lasted 00:09:01 (3403 turns).

Lugonue the Magician (Deep Elf Hedge Wizard)        Turns: 3403, Time: 00:09:02

Health: 0/28       AC:  2    Str: 13    XL:     5   Next: 2%
Magic:  8/15       EV: 13    Int: 19    God:    Okawaru [*.....]
Gold:   151        SH:  0    Dex: 16    Spells: 10/16 levels left

rFire   . . .        w - +3 dagger (venom)
rCold   . . .        (no shield)
rNeg    . . .        b - +0 robe
rPois   .            c - +0 hat
rElec   .            (no cloak)
rCorr   .            (no gloves)
SInv    .            (no boots)
Will    +....        (no amulet)
Stlth   +++          p - ring of willpower
HPRegen 0.24/turn    r - +6 ring of strength
MPRegen 0.14/turn

%: no passive effects
@: lethally poisoned (0 -> -10), on blink cooldown
A: no striking features
a: Renounce Religion, Heroism


You were on level 3 of the Dungeon.
You worshipped Okawaru.
Okawaru was aware of your devotion.
You visited 1 branch of the dungeon, and saw 3 of its levels.

You collected 151 gold pieces.

Inventory:

Hand Weapons
 a - a +0 dagger
 w - a +3 dagger of venom (weapon)
Armour
 b - a +0 robe (worn)
 c - a +0 hat (worn)
 i - an orb of mayhem
Jewellery
 p - a ring of willpower (left hand)
 r - a +6 ring of strength (right hand)
 u - a ring of willpower
 x - a ring of flight
Scrolls
 f - a scroll of identify {unknown}
 j - a scroll of immolation {unknown}
 m - 2 scrolls of teleportation {unknown}
 q - 3 scrolls of poison {unknown}
 t - 2 scrolls of enchant weapon {unknown}
 v - a scroll of fear {unknown}
Potions
 d - a potion of magic
 e - 2 potions of heal wounds {unknown}
 g - a potion of curing {unknown}
 h - 2 potions of might {unknown}
 k - 2 potions of mutation {unknown}
 l - a potion of brilliance {unknown}
 n - 2 potions of cancellation {unknown}
 o - a potion of haste {unknown}
 s - a potion of enlightenment {unknown}


   Skills:
 + Level 0.1 Fighting
 + Level 0.7 Short Blades
 + Level 2.7 Dodging
 * Level 3.8 Stealth
 + Level 6.0 Spellcasting
 + Level 2.4 Conjurations
 + Level 0.8 Hexes
 + Level 1.1 Summonings
 + Level 1.1 Translocations


You had 10 spell levels left.
You knew the following spells:

 Your Spells              Type           Power      Damage    Failure   Level
a - Magic Dart            Conj           60%        1d6       4%          1
b - Slow                  Hex            36%        N/A       8%          1
c - Blink                 Tloc           20%        N/A       11%         2
d - Call Imp              Summ           18%        N/A       11%         2

Your spell library contained the following spells:

 Spells                   Type           Power      Damage    Failure   Level
 Freeze                   Ice            20%        1d4       11%         1
 Cigotuvi's Dreadful Rot  Necr/Pois/Air  2%         N/A       26%         2
 Hailstorm                Conj/Ice       7%         3d4       28%         3
 Frozen Ramparts          Ice            10%        1d2       32%         3
 Mephitic Cloud           Conj/Pois/Air  4%         N/A       36%         3
 Blade Hands              Tmut           2%         N/A       97%         5
 Iron Shot                Conj/Erth      3%         9d2       100%        6
 Animate Armour           Summ/Erth      Unusable   N/A       N/A         4

Dungeon Overview and Level Annotations

Branches:
Dungeon (3/15)

Altars:
Nemelex Xobeh
Okawaru

Annotations:
D:3 1 runed translucent door, Crazy Yiuf, Ijyb


Message History

You hit Ijyb.
Ijyb is moderately wounded.
You hit Ijyb but do no damage.
Ijyb is moderately wounded.
Ijyb zaps a wand.
You resist with almost no effort.
Unknown command.
You hit Ijyb.
Ijyb is poisoned.
Your punch misses Ijyb.
Ijyb is heavily wounded.
Ijyb zaps a wand.
You suddenly lose the ability to move!
Ijyb is no longer moving slowly.
Ijyb hits you with a +4 dagger of venom.
You can move again.
You barely miss Ijyb.
Ijyb is severely wounded.
Ijyb zaps a wand.
You resist with almost no effort.
The now-empty wand crumbles to dust.
Unknown command.
You barely miss Ijyb.
Ijyb is severely wounded.
Ijyb barely misses you.
Unknown command.
You closely miss Ijyb.
Ijyb is severely wounded.
Ijyb hits you with a +4 dagger of venom.
You are poisoned.
Unknown command.
You feel very sick.
Ijyb screams, "Die!"
Casting: Magic Dart (safe; 4% risk of failure)
Confirm with . or Enter, or press ? or * to list all spells.
You blink.
You feel very sick.
Ijyb hits you with a +4 dagger of venom.
* * * LOW HITPOINT WARNING * * *
Casting: Blink (safe; 11% risk of failure)
Confirm with . or Enter, or press ? or * to list all spells.
You are still too unstable to blink.
Ijyb attacks as you move away!
Ijyb hits you with a +4 dagger of venom.
You die...

...#.##.#.#### #
#......# ####.### #.#
#####.# #### #####
#.....###...
#...####.##.<.##.##
######..g§....#.....#.##
.....$.@.#####..........
########## ##.....#.#.
##...##.#. ##(###... #.#
#### #.## # #..# ####


You could see Ijyb (poisoned).

Vanquished Creatures
  Robin (D:3)
  5 adders
  2 worms (D:2)
  3 dart slugs
  3 orcs (D:3)
  4 bats
  9 endoplasms
  A giant cockroach (D:1)
  12 goblins
  7 hobgoblins
  3 quokkas
  9 ball pythons
  2 frilled lizards (D:3)
  5 kobolds
66 creatures vanquished.

Notes
Turn   | Place    | Note
-------+----------+-------------------------------------------
     0 | D:1      | Lugonue the Deep Elf Hedge Wizard began the quest for the
                  | Orb.
     0 | D:1      | Reached XP level 1. HP: 10/10 MP: 7/7
   134 | D:1      | Reached skill level 5 in Spellcasting
   205 | D:1      | Reached XP level 2. HP: 7/15 MP: 2/10
   354 | D:1      | Learned a level 1 spell: Slow
   357 | D:1      | Learned a level 2 spell: Blink
   360 | D:1      | Learned a level 2 spell: Call Imp
   730 | D:1      | Found a faded altar of an unknown god.
   740 | D:1      | Prayed at the altar of an unknown god.
   740 | D:1      | Became a worshipper of Warmaster Okawaru
   740 | D:1      | Reached * piety under Okawaru
  1238 | D:2      | Reached XP level 3. HP: 10/19 MP: 5/11
  1501 | D:2      | Identified the +3 leather armour "Ugit" {rCorr Int+3}
  2080 | D:2      | Reached XP level 4. HP: 24/24 MP: 8/13
  2453 | D:3      | Found a sparkling altar of Nemelex Xobeh.
  2454 | D:3      | Noticed Robin
  2597 | D:3      | Killed Robin
  2598 | D:3      | Reached skill level 6 in Spellcasting
  3154 | D:3      | Reached XP level 5. HP: 19/28 MP: 6/15
  3342 | D:3      | Found a runed translucent door.
  3343 | D:3      | Noticed Crazy Yiuf
  3384 | D:3      | Noticed Ijyb
  3395 | D:3      | Paralysed by Ijyb for 2 turns
  3403 | D:3      | Slain by Ijyb

Illustrated notes

Levels and vault maps discovered:
D:1:      dpeg_arrival_solitude, layout_loops_ring,
          hellmonk_ecumenical_altar_slurped_away, minmay_misc_feat_cross
D:2:      layout_basic
D:3:      layout_loops_cross, mainiacjoe_overflow_catwalk,
          kennysheep_minor_cross, uniq_crazy_yiuf_cottage, uniq_ijyb, uniq_robin

Skill      XL: |  1  2  3  4 |
---------------+-------------+-----
Spellcasting   | 5 6 |  6.0
Stealth        | 3 |  3.8
Conjurations   | 2 |  2.4
Fighting       | |  0.1
Short Blades   | |  0.7
Dodging        | |  2.7
Hexes          | |  0.8
Summonings     | |  1.1
Translocations | |  1.1

Action                     |  1- 3 |  4- 6 || total
---------------------------+-------+-------++-------
  Melee: Dagger            |    33 |    15 ||    48
         Punch             |     1 |       ||     1
   Cast: Magic Dart        |    88 |    90 ||   178
         Blink             |     2 |     3 ||     5
         Slow              |     4 |     3 ||     7
   Stab: Sleeping          |     4 |     1 ||     5
 Armour: Robe              |     7 |     4 ||    11
  Dodge: Dodged            |    18 |    33 ||    51

Table legend: (Time is in decaauts)
 A = Elapsed time spent in this place.
 B = Non-inter-level travel time spent in this place.
 C = Inter-level travel time spent in this place.
 D = Time resting spent in this place.
 E = Time spent auto-exploring this place.
 F = Levels seen in this place.
 G = Mean time per level.
                   A        B        C        D        E       F      G
               +--------+--------+--------+--------+--------+-----+--------+
         Total |   3402 |   3346 |     56 |     99 |   2755 |   3 | 1134.0 |
       Dungeon |   3402 |   3346 |     56 |     99 |   2755 |   3 | 1134.0 |
               +--------+--------+--------+--------+--------+-----+--------+

Top non-repeatable levels by time:
     D:2: 1311 daAuts
     D:1: 1082 daAuts
     D:3: 1008 daAuts
